 Dungeon Crawl Stone Soup version 0.30-a0-5-g3a90980b9d (webtiles) character file.

Game seed: 11323737029609158782

115159 Conn the Arsonist (level 16, 0/92 (93) HPs)
             Began as an Octopode Fire Elementalist on Aug 22, 2022.
             Was a High Priest of Sif Muna.
             Slain by a culicivora (15 damage)
             ... led by a torpor snail
             ... on level 1 of the Spider Nest.
             The game lasted 01:59:38 (34065 turns).

Conn the Arsonist (Octopode Fire Elementalist)     Turns: 34065, Time: 01:59:43

HP:   0/92 (93)     AC: 12    Str:  9    XL:     16   Next: 67%
MP:   25/53         EV: 18    Int: 28    God:    Sif Muna [*****.]
Gold: 1073          SH:  7    Dex: 21    Spells: 4/43 levels left

rFire   + . .      SeeInvis .    b - +10 dagger "Laxyg" {protect, rElec Dex+4}
rCold   . . .      Faith    .    (no shield)
rNeg    . . .      Spirit   .    S - +3 hat of Pondering {ponderous, Will+ MP+10 Int+5}
rPois   +          Reflect  +    g - amulet of reflection
rElec   +          Harm     .    Z - ring of protection from cold
rCorr   +          Rampage  .    v - +6 ring of dexterity
Will    ++...                    d - ring of magical power
Stlth   +++++.....               P - ring of poison resistance
HPRegen 0.25/turn                D - ring of the Octopus King {Fly HP+2 AC+2 EV+2 SH+2}
MPRegen 0.33/turn                Y - ring of resist corrosion
                                 R - +4 ring of protection
                                 W - ring of fire

@: flying, lightly drained, slow
A: almost no armour, amphibious, 8 rings, camouflage 1, gelatinous body 1,
(nimble swimmer 1), tentacles, iridescent scales 1, clumsy 1
a: Renounce Religion, Channel Magic, Forget Spell, Divine Exegesis


You were on level 1 of the Spider Nest.
You worshipped Sif Muna.
Sif Muna was extremely pleased with you.
You visited 5 branches of the dungeon, and saw 24 of its levels.
You also visited: Ice Cave.

You collected 2866 gold pieces.
You spent 1793 gold pieces at shops.

Inventory:

Hand Weapons
 b - the +10 dagger "Laxyg" (weapon) {protect, rElec Dex+4}
   (You found it on level 12 of the Dungeon)

   It grants its wielder temporary protection when it strikes (+7 to AC).
   Dex:       It affects your dexterity (+4).
   rElec:     It insulates you from electricity.
 w - the +7 dagger "Bius" {holy, rN+}
   (You bought it in a shop on level 2 of the Orcish Mines)

   It has been blessed by the Shining One to cause great damage to the undead
   and demons.
   rN:        It protects you from negative energy.
 L - a +0 vorpal longbow
 N - a +4 spectral short sword
 O - the +8 great sword of Destruction {pain, Will+ Stlth+}
   (You took it off a skeletal warrior on level 12 of the Dungeon)

   In the hands of one skilled in necromantic magic, it inflicts extra damage on
   living creatures.
   Will:      It increases your willpower.
   Stlth:     It makes you more stealthy.
Missiles
 C - 5 curare-tipped darts (quivered)
Armour
 S - the +3 hat of Pondering (worn) {ponderous, Will+ MP+10 Int+5}
   (You took it off Gastronok on level 1 of the Lair of Beasts)

   Int:       It affects your intelligence (+5).
   MP:        It affects your magic capacity (+10).
   Will:      It increases your willpower.
Magical Staves
 a - a staff of fire
Jewellery
 d - a ring of magical power (on tentacle)
 g - an amulet of reflection (around mantle)
 h - a +4 ring of evasion
 q - a ring of fire
 v - a +6 ring of dexterity (right tentacle)
 D - a ring of the Octopus King (on tentacle) {Fly HP+2 AC+2 EV+2 SH+2}
   (You bought it in a shop on level 7 of the Dungeon)

   [ring of flight]

   AC:        It affects your AC (+2).
   EV:        It affects your evasion (+2).
   HP:        It affects your health (+2).
   Fly:       It grants you flight.
   SH:        It affects your SH (+2).
 P - a ring of poison resistance (on tentacle)
 Q - a +4 ring of protection
 R - a +4 ring of protection (on tentacle)
 U - a ring of protection from fire
 W - a ring of fire (on tentacle)
 Y - a ring of resist corrosion (on tentacle)
 Z - a ring of protection from cold (left tentacle)
Wands
 c - a wand of acid (13)
 f - a wand of polymorph (11)
 x - a wand of flame (37)
 A - a wand of iceblast (26)
 E - a wand of paralysis (25)
Scrolls
 i - 3 scrolls of blinking
 j - 6 scrolls of fog
 o - 6 scrolls of teleportation
 y - a scroll of torment
 z - a scroll of summoning
 G - 4 scrolls of immolation
 H - 3 scrolls of enchant armour
 J - a scroll of enchant weapon
 K - 4 scrolls of magic mapping
 T - 13 scrolls of identify
 V - 2 scrolls of poison
Potions
 e - 9 potions of curing
 k - a potion of resistance
 l - 2 potions of magic
 m - 4 potions of flight
 n - 8 potions of heal wounds
 p - 2 potions of might
 r - a potion of cancellation
 s - a potion of brilliance
 t - 2 potions of ambrosia
 u - 3 potions of haste
 B - 2 potions of berserk rage
 F - 6 potions of lignification
 I - 2 potions of mutation
 X - a potion of invisibility
Miscellaneous
 M - a phial of floods


   Skills:
 + Level 2.4 Fighting
 + Level 4.1 Short Blades
 + Level 0.5(2.5) Long Blades
 + Level 0.9 Staves
 + Level 1.4 Throwing
 + Level 4.7 Dodging
 + Level 6.9 Stealth
 + Level 2.4 Shields
 + Level 14.4 Spellcasting
 * Level 12.2 Conjurations
 + Level 4.7 Hexes
 - Level 6.0 Summonings
 + Level 5.7 Translocations
 + Level 14.9 Fire Magic
 + Level 0.4 Ice Magic
 + Level 5.2 Air Magic
 + Level 6.6 Poison Magic
 * Level 9.0 Invocations
 + Level 0.1 Evocations


You had 4 spell levels left.
You knew the following spells:

 Your Spells              Type           Power      Damage    Failure   Level
a - Foxfire               Conj/Fire      100%       2x1d9     0%          1
b - Conjure Flame         Conj/Fire      97%        6-21      1%          3
c - Inner Flame           Hex/Fire       85%        N/A       1%          3
d - Flame Wave            Conj/Fire      97%        2d20      1%          4
e - Scorch                Fire           100%       2d10      0%          2
f - Blink                 Tloc           100%       N/A       1%          2
g - Fireball              Conj/Fire      48%        3d19      1%          5
h - Summon Guardian Gole  Hex/Summ       50%        N/A       1%          3
i - Mephitic Cloud        Conj/Pois/Air  60%        N/A       1%          3
j - Hailstorm             Conj/Ice       53%        3d12      1%          4
k - Call Canine Familiar  Summ           52%        N/A       1%          3
l - Starburst             Conj/Fire      48%        6d13      1%          6

Your spell library contained the following spells:

 Spells                   Type           Power      Damage    Failure   Level
 Apportation              Tloc           100%       N/A       1%          1
 Sting                    Tmut/Pois      100%       1d8       1%          1
 Summon Small Mammal      Summ           100%       N/A       1%          1
 Poisonous Vapours        Pois/Air       100%       N/A       1%          2
 Confusing Touch          Hex            46%        N/A       1%          3
 Dazzling Flash           Conj/Hex       100%       N/A       1%          3
 Ignite Poison            Fire/Tmut/Pois 74%        N/A       1%          3
 Lesser Beckoning         Tloc           51%        N/A       1%          3
 Portal Projectile        Hex/Tloc       98%        N/A       1%          3
 Stone Arrow              Conj/Erth      100%       3d13      1%          3
 Olgreb's Toxic Radiance  Pois           55%        N/A       1%          4
 Necrotise                Necr           80%        1d8       2%          1
 Sandblast                Erth           40%        2d10      2%          1
 Summon Lightning Spire   Summ/Air       51%        N/A       2%          4
 Passwall                 Tmut/Erth      16%        N/A       3%          2
 Sublimation of Blood     Necr           20%        N/A       3%          2
 Ozocubu's Armour         Ice            22%        N/A       6%          3
 Summon Ice Beast         Ice/Summ       38%        N/A       7%          4
 Leda's Liquefaction      Hex/Erth       16%        N/A       10%         4
 Ice Form                 Ice/Tmut       21%        N/A       24%         4
 Petrify                  Tmut/Erth      20%        N/A       26%         4
 Iskenderun's Battlesphe  Conj           73%        2d12      1%          5
 Freezing Cloud           Conj/Ice/Air   26%        6-21      6%          5
 Irradiate                Conj/Tmut      26%        3d20      6%          5
 Summon Forest            Summ/Tloc      26%        N/A       6%          5
 Manifold Assault         Tloc           51%        N/A       7%          5
 Summon Mana Viper        Hex/Summ       50%        N/A       8%          5
 Silence                  Hex/Air        24%        N/A       10%         5
 Alistair's Intoxication  Tmut/Pois      25%        N/A       19%         5
 Ignition                 Fire           51%        3d14      36%         8
 Spellforged Servitor     Conj/Summ      31%        N/A       45%         7
 Monstrous Menagerie      Summ           26%        N/A       88%         7
 Summon Hydra             Summ           26%        N/A       88%         7
 Simulacrum               Ice/Necr       10%        N/A       98%         6
 Haunt                    Necr/Summ      18%        N/A       99%         7
 Ozocubu's Refrigeration  Ice            11%        4d9       100%        7
 Storm Form               Tmut/Air       17%        N/A       100%        7
 Borgnjor's Revivificati  Necr           10%        N/A       100%        8
 Lehudib's Crystal Spear  Conj/Erth      26%        10d7      100%        8
 Maxwell's Capacitive Co  Air            24%        ∞         100%        8
 Necromutation            Tmut/Necr      10%        N/A       100%        8
 Summon Horrible Things   Summ           26%        N/A       100%        8
 Chain Lightning          Conj/Air       31%        3d41      100%        9
 Death's Door             Necr           10%        N/A       100%        9
 Dragon's Call            Summ           26%        N/A       100%        9


Dungeon Overview and Level Annotations

Branches:
Dungeon (15/15)            Temple (1/1) D:7            Lair (5/5) D:8
 Shoals (0/4) Lair:3       Spider (1/4) Lair:2        Slime (0/5) Lair:4
    Orc (2/2) D:10            Elf (0/3) Orc:2        Vaults (0/5) D:13
 Depths (0/4) D:15          IceCv (visited)

Altars:
Ashenzari
Cheibriados
Dithmenos
Elyvilon
Fedhas
Gozag
Hepliaklqana
Kikubaaqudgha
Makhleb
Nemelex Xobeh
Okawaru
Qazlal
Ru
Sif Muna
Trog
Uskayaw
Vehumet
Wu Jian
Xom
Yredelemnul
Zin
The Shining One
Jiyva

Shops:
D:7 =   D:10 (   Orc:2 [((*

Annotations:
D:8 4 transporters
D:13 Nessos, Rupert
D:14 exclusion: orange crystal statue


Innate Abilities, Weirdness & Mutations

You cannot wear most types of armour.
You are amphibious.
You can wear up to eight rings at the same time.
Your skin changes colour to match your surroundings (Stealth+).
Your rubbery body absorbs attacks. (AC +1, EV +1)
((You are camouflaged when in or above water. (Stealth+)))
You have tentacles for arms and can constrict up to eight enemies at once.
You are partially covered in iridescent scales. (AC +2)
You are clumsy. (Dex -2)


Message History

The culicivora's many legs skitter faintly.
You feel yourself speed up.
The jumping spider is engulfed in noxious fumes.
The jumping spider appears confused.
A wolf spider comes into view.
Casting: Blink (safe; 1% risk of failure)
Confirm with . or Enter, or press ? or * to list all spells.
Aiming: Mephitic Cloud (safe; 1% risk of failure)
Press: ? - help, Shift-Dir - straight line, f - culicivora
Aim: a culicivora (soul bound, chance to affect: 62%)
The ball explodes into a vile cloud!
The stinking cloud engulfs the culicivora but does no damage.
The wolf spider's many legs skitter.
You hear a faint skittering sound.
You hear a skittering sound.
The culicivora is engulfed in noxious fumes.
The wolf spider is engulfed in noxious fumes.
Unknown command.
Unknown command.
Unknown command.
Casting: Mephitic Cloud (safe; 1% risk of failure)
Confirm with . or Enter, or press ? or * to list all spells.
Aiming: Mephitic Cloud (safe; 1% risk of failure)
Press: ? - help, Shift-Dir - straight line, f - wolf spider, p - culicivora
Aim: a wolf spider (chance to affect: 48%)
The ball explodes into a vile cloud!
The stinking cloud engulfs the wolf spider but does no damage.
The stinking cloud engulfs the culicivora but does no damage.
You carefully extract the barbed spikes from your body.
You hear a faint skittering sound.
The culicivora is engulfed in noxious fumes.
The culicivora bites you!!
* * * LOW HITPOINT WARNING * * *
The culicivora draws strength from your injuries!
The wolf spider is engulfed in noxious fumes.
The wolf spider appears confused.
The wolf spider is engulfed in noxious fumes.
The wolf spider appears confused.
The culicivora is engulfed in noxious fumes.
The culicivora appears confused.
The culicivora bites you!
You die...

...#...#.#..#..#
...#.....#....### ..
##.####.........##..#
####....#.#.#......#
##...###..##.....# #
....####.##...##.# .#
....#. #...##...# #
... ...##.
##..#..###### ....
... ^.
#...##.@#.#.##..:##
## .
##.....s§s#.......#
#.^.#...§§§s..s.#
##..######§.###.....
#...# #..†s.# ...
#### ###s☼## .
#.†.#.# ...#..###
...# .B°#


You could see 2 wolf spiders and 3 culicivoras.

Vanquished Creatures
  Gastronok (Lair:1)
  A fire dragon (Lair:5)
  A great orb of eyes (D:15)
  Erolcha (D:12)
  7 hydras
  3 ogre magi
  3 boulder beetles
  5 centaur warriors
  2 naga warriors (D:12)
  15 two-headed ogres
  The ghost of Kene the Covert, a journeyman SpEn of Dithmenos (D:12)
  A catoblepas (Lair:1)
  3 death yaks (Lair:3)
  A death knight (D:12)
  3 tengu warriors (D:12)
  An orc high priest (Orc:1)
  2 pharaoh ants (Spider:1)
  A skeletal warrior (D:12)
  A deep troll (Orc:2)
  A steelbarb worm (Spider:1)
  A swamp dragon (Lair:5)
  An orb spider (Lair:2)
  A bog body (IceCv)
  A deep elf archer (D:12)
  2 deep elf pyromancers (D:14)
  Pikel (D:9)
  2 orc knights
  3 orc sorcerers
  2 wolf spiders (Spider:1)
  A necromancer (IceCv)
  2 oklob plants (Lair:4)
  9 cyclopes
  8 manticores
  22 ugly things
  2 ice statues (IceCv)
  12 black mambas
  17 elephants
  2 eyes of devastation (shapeshifter)
  A torpor snail (Lair:3)
  3 gargoyles
  10 cane toads
  Maggie (D:7)
  5 yaktaurs (D:15)
  5 rime drakes
  A freezing wraith (D:14)
  An efreet (D:14)
  3 kobold demonologists
  5 ice devils (IceCv)
  3 komodo dragons
  3 anaconda simulacra (IceCv)
  4 tengu conjurers (D:14)
  11 trolls
  A troll (shapeshifter) (D:14)
  A meliai (D:14)
  A tarantella (Spider:1)
  Prince Ribbit (D:8)
  A raiju (shapeshifter) (D:14)
  29 blink frogs
  A hornet (D:9)
  9 slime creatures
  7 dream sheep
  2 shadows (D:12)
  A dire elephant simulacrum (IceCv)
  A wraith (D:12)
  46 yaks
  6 basilisks
  A spriggan (shapeshifter) (D:14)
  2 vampires
  2 wyverns (Lair:3)
  A culicivora (Spider:1)
  A water elemental (D:14)
  Eustachio (D:5)
  4 humans (D:13)
  2 steam dragons
  A vampire mosquito (D:14)
  Menkaure (D:6)
  6 wargs
  4 harpy simulacra (IceCv)
  3 acid dragons
  2 hydra simulacra (IceCv)
  16 water moccasins
  Edmund (D:5)
  3 swamp drakes (Lair:5)
  A sky beast (D:7)
  An ice beast (D:5)
  9 orc warriors
  22 ogres
  11 wolves
  4 centaurs
  2 lemures (D:9)
  2 phantoms
  2 kobold brigands
  3 necrophages
  13 bullfrogs
  2 scorpions
  16 wights
  9 killer bees (D:9)
  7 howler monkeys
  11 electric eels
  2 jellies
  4 hounds
  16 orc priests
  A gnoll bouda (D:5)
  Jessica (D:3)
  9 iguanas
  13 hell rats
  20 orc wizards
  Natasha (thrice) (D:3)
  A troll simulacrum (IceCv)
  A spriggan simulacrum (IceCv)
  Robin (D:3)
  3 gnolls (D:5)
  A naga simulacrum (IceCv)
  12 adders
  3 river rats (Lair:3)
  A shadow imp (D:7)
  4 white imps
  2 ufetubi
  A worm (D:2)
  5 dart slugs
  61 orcs
  4 endoplasms
  4 giant cockroaches
  12 goblins
  7 hobgoblins
  13 kobolds
  3 quokkas
  6 ball pythons
  5 bats
  3 frilled lizards (D:1)
  10 rats
  A butterfly (Lair:1)
  A fire vortex (Lair:2)
706 creatures vanquished.

Vanquished Creatures (collateral kills)
  An ugly thing (D:15)
  An efreet (D:15)
  Grinder (D:3)
  11 foxfires
14 creatures vanquished.

Vanquished Creatures (others)
  A two-headed ogre (D:11)
  A skeletal warrior (D:12)
  A manticore (D:12)
  A komodo dragon (D:12)
  A yaktaur (D:15)
  An ice devil (IceCv)
  2251 foxfires
  22 fungi
  65 plants
2344 creatures vanquished.

Grand Total: 3064 creatures vanquished

Notes
Turn   | Place    | Note
-------+----------+-------------------------------------------
     0 | D:1      | Conn the Octopode Fire Elementalist began the quest for the
                  | Orb.
     0 | D:1      | Reached XP level 1. HP: 11/11 MP: 3/3
   393 | D:1      | Reached XP level 2. HP: 17/17 MP: 0/5
  1512 | D:2      | Reached XP level 3. HP: 18/21 MP: 0/6
  1966 | D:2      | Reached XP level 4. HP: 27/27 MP: 2/7
  2106 | D:2      | Learned a level 2 spell: Scorch
  2110 | D:2      | Learned a level 3 spell: Conjure Flame
  2114 | D:2      | Learned a level 3 spell: Inner Flame
  2392 | D:2      | Found a faded altar of an unknown god.
  2475 | D:3      | Noticed Robin
  2576 | D:3      | Noticed Jessica
  2587 | D:3      | Killed Jessica
  2588 | D:3      | Reached XP level 5. HP: 23/31 MP: 0/9
  2723 | D:3      | Noticed Grinder
  2731 | D:3      | Paralysed by Grinder for 2 turns
  2747 | D:3      | Killed Robin
  2754 | D:3      | Paralysed by Grinder for 2 turns
  2759 | D:3      | Killed Grinder
  2760 | D:3      | Reached skill level 1 in Short Blades
  2760 | D:3      | Reached XP level 6. HP: 19/37 MP: 1/11
  3088 | D:3      | Noticed Natasha
  3102 | D:3      | Killed Natasha
  3145 | D:3      | Noticed Natasha
  3148 | D:3      | Killed Natasha
  3174 | D:3      | Noticed Natasha
  3178 | D:3      | Killed Natasha
  3179 | D:3      | Reached XP level 7. HP: 18/42 MP: 0/13
  3384 | D:3      | Found an ornate altar of the Wu Jian Council.
  3802 | D:4      | Learned a level 4 spell: Flame Wave
  3871 | D:4      | Found a white marble altar of Elyvilon.
  4456 | D:5      | Entered Level 5 of the Dungeon
  4487 | D:5      | Noticed Edmund
  4499 | D:5      | Killed Edmund
  4500 | D:5      | Reached skill level 1 in Fighting
  4500 | D:5      | Reached skill level 5 in Fire Magic
  4887 | D:5      | Reached skill level 1 in Throwing
  4917 | D:5      | Noticed Eustachio
  4926 | D:5      | Killed Eustachio
  4927 | D:5      | Reached XP level 8. HP: 48/48 MP: 4/15
  4932 | D:5      | Reached skill level 5 in Spellcasting
  5086 | D:5      | Learned a level 2 spell: Blink
  5309 | D:6      | Noticed Menkaure
  5314 | D:6      | Killed Menkaure
  5400 | D:6      | Reached skill level 1 in Translocations
  5761 | D:5      | Found an iron altar of Okawaru.
  5787 | D:5      | Found a glowing silver altar of Zin.
  5927 | D:6      | Reached skill level 5 in Stealth
  5927 | D:6      | Reached XP level 9. HP: 53/53 MP: 10/18
  6065 | D:6      | Found a burning altar of Makhleb.
  6782 | D:7      | Found a staircase to the Ecumenical Temple.
  6791 | Temple   | Entered the Ecumenical Temple
  6798 | Temple   | Became a worshipper of Sif Muna the Loreminder
  7050 | D:7      | Found Sisiusoh's Jewellery Shop.
  7056 | D:7      | Bought a ring of magical power for 240 gold pieces
  7172 | D:7      | Noticed Maggie
  7186 | D:7      | Killed Maggie
  7634 | D:7      | Reached XP level 10. HP: 60/60 MP: 18/20
  7900 | D:8      | Noticed Prince Ribbit
  7908 | D:8      | Killed Prince Ribbit
  7909 | D:8      | Reached skill level 1 in Hexes
  7919 | D:8      | Reached * piety under Sif Muna
  8063 | D:8      | Found a staircase to the Lair.
  8066 | D:8      | Identified the +0 leather armour of the Black Moon {Int+3
                  | Dex+4}
  8262 | D:8      | Found a transporter.
  8354 | D:8      | Found a transporter.
  8373 | D:8      | Found a transporter.
  8422 | D:8      | Found a transporter.
  9028 | D:9      | Noticed a two-headed ogre
  9125 | D:9      | Killed a two-headed ogre
  9126 | D:9      | Reached skill level 5 in Translocations
  9487 | D:9      | Reached ** piety under Sif Muna
  9495 | D:9      | Reached skill level 5 in Conjurations
  9660 | D:9      | Learned a level 5 spell: Fireball
  9664 | D:9      | Learned a level 3 spell: Summon Guardian Golem
  9694 | D:9      | Reached XP level 11. HP: 64/64 MP: 23/23
  9889 | D:9      | Noticed Pikel
  9903 | D:9      | Killed Pikel
 10001 | D:10     | Entered Level 10 of the Dungeon
 10018 | D:10     | Learned a level 3 spell: Mephitic Cloud
 10032 | D:10     | Reached skill level 1 in Summonings
 10070 | D:10     | Found a blossoming altar of Fedhas.
 10098 | D:10     | Found an ancient bone altar of Kikubaaqudgha.
 10102 | D:10     | Reached skill level 1 in Air Magic
 10110 | D:10     | Noticed a sixfirhy
 10231 | D:10     | Found a staircase to the Orcish Mines.
 10275 | D:10     | Found Geff's Weapon Shoppe.
 10890 | D:11     | Noticed a two-headed ogre
 10907 | D:11     | Killed a two-headed ogre
 10908 | D:11     | Reached skill level 1 in Poison Magic
 10920 | D:11     | Noticed a five-headed hydra
 10928 | D:11     | Killed a five-headed hydra
 11096 | D:11     | Noticed a seven-headed hydra
 11130 | D:11     | Killed a seven-headed hydra
 11285 | D:11     | Noticed a manticore
 11290 | D:11     | Killed a manticore
 11572 | D:11     | Noticed a two-headed ogre
 11579 | D:11     | Killed a two-headed ogre
 11580 | D:11     | Reached skill level 10 in Fire Magic
 11979 | D:12     | Gained mutation: You have hidden genetic potential. [potion
                  | of mutation]
 11979 | D:12     | Lost mutation: You have hidden genetic potential. [potion
                  | of mutation]
 11980 | D:12     | Gained mutation: You are clumsy. (Dex -2) [potion of
                  | mutation]
 11980 | D:12     | Gained mutation: You are partially covered in iridescent
                  | scales. (AC +2) [potion of mutation]
 12023 | D:12     | Noticed a four-headed hydra
 12030 | D:12     | Killed a four-headed hydra
 12109 | D:12     | Noticed a cyclops
 12116 | D:12     | Killed a cyclops
 12225 | D:12     | Reached XP level 12. HP: 49/70 MP: 24/25
 12400 | D:12     | Identified the +8 great sword of Destruction {pain, Will+
                  | Stlth+}
 12562 | D:12     | Found a runed translucent gate.
 12562 | D:12     | Noticed Kene's ghost (journeyman SpEn)
 12562 | D:12     | Noticed a naga warrior
 12563 | D:12     | Found a runed translucent gate.
 12563 | D:12     | Found a runed translucent gate.
 12563 | D:12     | Noticed a naga warrior
 12563 | D:12     | Noticed a tengu warrior
 12566 | D:12     | Noticed a tengu warrior
 12566 | D:12     | Noticed a tengu warrior
 12568 | D:12     | Found an iron altar of Okawaru.
 12568 | D:12     | Identified the +4 morningstar "Tafecof" {vorpal, rElec rC+
                  | Will+ SInv}
 12568 | D:12     | Noticed a centaur warrior
 12572 | D:12     | Noticed a boulder beetle
 12608 | D:12     | Killed a boulder beetle
 12722 | D:12     | Reached *** piety under Sif Muna
 12853 | D:12     | Identified the +7 scale mail of Gestures {rC+}
 12853 | D:12     | Noticed a death knight
 12869 | D:12     | Killed a death knight
 13319 | D:12     | Reached skill level 10 in Spellcasting
 13571 | D:12     | Noticed a five-headed hydra
 13589 | D:12     | Killed a five-headed hydra
 13700 | D:12     | Identified the +10 dagger "Laxyg" {protect, rElec Dex+4}
 13727 | D:12     | Reached skill level 5 in Poison Magic
 13932 | D:12     | Noticed a boulder beetle
 13944 | D:12     | Killed a boulder beetle
 14183 | D:12     | Noticed Erolcha
 14190 | D:12     | Killed Erolcha
 15211 | Orc:1    | Entered Level 1 of the Orcish Mines
 15311 | Orc:1    | Found a radiant altar of Vehumet.
 15329 | Orc:1    | Noticed a sun demon
 15463 | Orc:1    | Reached XP level 13. HP: 50/75 MP: 7/27
 15494 | Orc:1    | Reached skill level 5 in Summonings
 15844 | Orc:1    | You fall into a shaft and drop 1 floor!
 15844 | Orc:2    | Entered Level 2 of the Orcish Mines
 15845 | Orc:2    | Found a frozen archway.
 15852 | Orc:2    | Reached skill level 1 in Invocations
 15859 | IceCv    | Entered an ice cave
 15879 | IceCv    | Reached skill level 5 in Air Magic
 15901 | IceCv    | Reached **** piety under Sif Muna
 17777 | IceCv    | Learned a level 4 spell: Hailstorm
 17817 | IceCv    | Learned a level 3 spell: Call Canine Familiar
 17972 | Orc:2    | Found a staircase to the Elven Halls.
 19368 | Orc:2    | Reached XP level 14. HP: 81/81 MP: 10/29
 20221 | Orc:2    | Found Fidol's Antique Weapon Shoppe.
 20224 | Orc:2    | Found Noakhlaj's Antique Armour Shop.
 20226 | Orc:2    | Found Lizxen's General Store.
 20236 | Orc:2    | Bought a scorched dagger for 175 gold pieces
 20236 | Orc:2    | Identified the +7 dagger "Bius" {holy, rN+} (You bought it
                  | in a shop on level 2 of the Orcish Mines)
 20239 | Orc:2    | Found Arebi's Weapon Emporium.
 21180 | Lair:1   | Entered Level 1 of the Lair of Beasts
 21209 | D:7      | Bought a ring of the Octopus King {Fly HP+2 AC+2 EV+2 SH+2}
                  | for 646 gold pieces
 21209 | D:7      | Found the ring of the Octopus King {Fly HP+2 AC+2 EV+2
                  | SH+2}
 21213 | D:7      | Bought a +4 ring of protection for 432 gold pieces
 21412 | Lair:1   | Reached skill level 1 in Shields
 21539 | Lair:1   | Reached skill level 5 in Invocations
 21675 | Lair:1   | Reached ***** piety under Sif Muna
 21860 | Lair:1   | Received a gift from Sif Muna
 21898 | Lair:1   | Got Mnoleg's Vellum of Production {god gift}
 22341 | Lair:1   | Noticed Gastronok
 22356 | Lair:1   | Killed Gastronok
 22785 | D:7      | Bought a ring of protection from fire for 300 gold pieces
 23408 | Lair:2   | Found a sacrificial altar of Ru.
 24132 | Lair:2   | Found a hole to the Spider Nest.
 24312 | Lair:3   | Found a staircase to the Shoals.
 25284 | Lair:3   | Reached skill level 10 in Conjurations
 25284 | Lair:3   | Reached XP level 15. HP: 85/85 MP: 31/31
 26732 | Lair:4   | Found a staircase to the Slime Pits.
 26736 | Lair:4   | Found a viscous altar of Jiyva.
 26738 | Lair:4   | Received a gift from Sif Muna
 26739 | Lair:4   | Got Idghyh Dionk's Secrets of Allied Spellbinding {god
                  | gift}
 27611 | Lair:5   | Entered Level 5 of the Lair of Beasts
 29541 | D:8      | Learned a level 6 spell: Starburst
 29687 | D:12     | Killed Kene's ghost
 30389 | D:13     | Noticed Nessos
 30389 | D:13     | Noticed Rupert
 30389 | D:13     | Found a gate to the Vaults.
 30449 | D:14     | Reached XP level 16. HP: 69/91 MP: 7/33
 32044 | D:15     | Entered Level 15 of the Dungeon
 32209 | D:15     | Identified the +0 robe "Vopiug" {Int+4 Dex+7}
 32223 | D:15     | Identified the +1 pair of gloves "Gusiliqo" {Will+ Str+3
                  | Int-4 Dex+3}
 32376 | D:15     | Received a gift from Sif Muna
 32520 | D:15     | Got Sif Muna's Compilation of Outbursts {god gift}
 33557 | D:15     | Found a staircase to the Depths.
 33839 | Spider:1 | Entered Level 1 of the Spider Nest
 34065 | Spider:1 | Slain by a culicivora

Illustrated notes

Levels and vault maps discovered:
D:1:      heliophobic_arrival_dark_side_of_the_moon, layout_basic
D:2:      layout_rooms, shapermc_ecumenical_altar_mp_urbaneastern
D:3:      layout_rooms, nicolae_wu_jian_wuxing_cycle, uniq_robin, uniq_jessica,
          uniq_natasha, uniq_grinder
D:4:      layout_basic, elyvilon_altar_4, hangedman_abyss_or_decor_slice
D:5:      layout_cave_pools, mainiacjoe_overflow_big_doors, minivault_1,
          uniq_eustachio, uniq_edmund
D:6:      layout_basic, mainiacjoe_overflow_six_doors_small, uniq_menkaure
D:7:      cheibrodos_two_vegetables, layout_loops_cross,
          minmay_temple_entry_slanted, serial_shops, shop,
          minmay_misc_feat_plants, kennysheep_generic_room_14, uniq_maggie
D:8:      layout_rooms, erik_lair_orcish_takeover, minmay_fountain_box,
          nicolae_transporter_intersection, uniq_prince_ribbit1
D:9:      layout_roguey, serial_bayou_lake_a, uniq_pikel
D:10:     layout_long_grid, lemuel_crystal_altar, old_standard_altar,
          orc_0_dummy, serial_shops, nicolae_shop_hallway_plus,
          hangedman_decor_clover_reticule, minmay_misc_feat_pillars
D:11:     layout_small_grid, small_statue_intersection
D:12:     minmay_the_grid_triangle_9x9_recursive_2_mashed
          [minmay_the_grid_triangle_9x9_prize_center,
          minmay_the_grid_triangle_9x9_cache,
          minmay_the_grid_triangle_9x9_checkered,
          minmay_the_grid_triangle_9x9_corrupted_corridor], layout_basic,
          gammafunk_ghost_fury_of_okawaru, corexii_leaking_fountain,
          kennysheep_generic_room_2, uniq_erolcha
D:13:     layout_layer_cave, david_vaults_3
D:14:     kennysheep_windowed_halls, layout_basic, kennysheep_flooded_box,
          corner_web_ring, minivault_16
D:15:     gammafunk_enter_depths_forms, layout_basic, grunt_decor_junction,
          nicolae_figureground_pulse
Temple:   nicolae_temple_no_exploring_needed
Lair:1:   statuecave_lemuel, layout_loops_ring, minivault_19,
          minmay_stone_trees_large, st_stairs_4, beast_lair_carwin_2,
          lemuel_fruit_fields, grunt_megastairs_3, uniq_gastronok
Lair:2:   layout_gridlike, nicolae_spider_entry_orb_guardian, basic_altar
Lair:3:   nzn_winding_woodlands_cross [nzn_winding_woodlands_5x15_split_checker,
          nzn_winding_woodlands_5x15_concentric,
          nzn_winding_woodlands_5x15_sawtooth, nzn_winding_woodlands_5x15_pool,
          nzn_winding_woodlands_15x15_eel_pit], layout_cave_pods,
          shoals_dummy_entry, kennysheep_abandoned_house
Lair:4:   layout_regular_city, minmay_slime_entry_oklob_open,
          gauntlet_entry_generic, hangedman_lair_generics_rect,
          infiniplex_staircase_pool_2, grunt_megastairs_2
Lair:5:   guppyfry_lair_end_dragon, layout_gridlike, minivault_11,
          lemuel_fruit_fields
Spider:1: layout_spider_delve
Orc:1:    layout_diamond_mine, basic_altar
Orc:2:    st_orc_open, layout_diamond_mine, portal_ice_cave_rime

Skill      XL: |  1  2  3  4  5  6  7  8  9 10 11 12 13 14 15 16 |
---------------+-------------------------------------------------+-----
Stealth        | 3 4 5 6 |  6.9
Spellcasting   | 3 4 6 7 8 9 10 11 12 13 14 | 14.4
Fire Magic     | 4 5 6 7 9 10 11 12 13 14 | 14.9
Short Blades   | 1 2 3 4 |  4.1
Conjurations   | 2 3 4 5 6 7 8 10 11 12 | 12.2
Fighting       | 1 2 |  2.4
Throwing       | 1 |  1.4
Translocations | 2 4 5 |  5.7
Dodging        | 3 4 |  4.7
Hexes          | 2 3 4 |  4.7
Summonings     | 3 4 6 |  6.0
Air Magic      | 3 4 5 |  5.2
Poison Magic   | 3 5 6 |  6.6
Invocations    | 3 6 8 9 |  9.0
Shields        | 1 2 |  2.4
Long Blades    | |  0.5
Staves         | |  0.9
Ice Magic      | |  0.4
Evocations     | |  0.1

Action                   |  1- 3 |  4- 6 |  7- 9 | 10-12 | 13-15 | 16-18 || total
-------------------------+-------+-------+-------+-------+-------+-------++-------
Melee: Unarmed           |     6 |       |       |       |       |       ||     6
       Constrict         |     4 |     4 |    22 |     3 |    11 |     4 ||    48
       Punch             |     1 |       |     1 |       |     2 |     1 ||     5
       Short sword       |    19 |    20 |    89 |     6 |       |       ||   134
       Tentacles         |     3 |     2 |    14 |     5 |    24 |     5 ||    53
       Great sword       |       |       |       |     7 |       |       ||     7
       Staff             |       |       |       |       |    62 |    10 ||    72
       Dagger            |       |       |       |       |    14 |     3 ||    17
Throw: Dart              |       |     1 |     5 |       |     4 |       ||    10
 Cast: Foxfire           |    56 |    50 |   117 |   209 |   791 |    57 ||  1280
       Scorch            |       |     7 |    38 |   132 |   217 |    61 ||   455
       Inner Flame       |       |       |     4 |    37 |    39 |    11 ||    91
       Flame Wave        |       |       |     6 |    17 |    86 |    28 ||   137
       Conjure Flame     |       |       |     1 |    21 |    10 |     4 ||    36
       Blink             |       |       |     1 |     3 |    10 |     2 ||    16
       Fireball          |       |       |       |    12 |    26 |     5 ||    43
       Summon Guardian G |       |       |       |    13 |    13 |     9 ||    35
       Mephitic Cloud    |       |       |       |     9 |    41 |     9 ||    59
       Hailstorm         |       |       |       |       |    11 |     3 ||    14
       Call Canine Famil |       |       |       |       |     3 |     2 ||     5
       Starburst         |       |       |       |       |     4 |     2 ||     6
Invok: Channel Magic     |       |       |       |       |     6 |       ||     6
Evoke: Wand              |       |       |     1 |     2 |     1 |       ||     4
  Use: Scroll            |       |     7 |     9 |    12 |     8 |       ||    36
       Potion            |       |     4 |     1 |     3 |     6 |       ||    14
 Stab: Sleeping          |     2 |     2 |     9 |     2 |     4 |     1 ||    20
       Paralysed         |       |       |     1 |       |       |       ||     1
       Confused          |       |       |       |     1 |     2 |     2 ||     5
Armor: Skin              |     2 |     9 |     8 |     9 |    46 |     8 ||    82
Dodge: Dodged            |    15 |    29 |    77 |    57 |   189 |    25 ||   392
Block: Other             |       |       |       |     9 |    99 |    21 ||   129
       Reflection        |       |       |       |       |     1 |     3 ||     4

Table legend: (Time is in decaauts)
 A = Elapsed time spent in this place.
 B = Non-inter-level travel time spent in this place.
 C = Inter-level travel time spent in this place.
 D = Time resting spent in this place.
 E = Time spent auto-exploring this place.
 F = Levels seen in this place.
 G = Mean time per level.
                   A        B        C        D        E       F      G
               +--------+--------+--------+--------+--------+-----+--------+
         Total |  34663 |  33749 |    914 |   4512 |  20579 |  25 | 1386.5 |
       Dungeon |  19949 |  19275 |    674 |   1608 |  13048 |  15 | 1329.9 |
        Temple |     14 |     14 |      0 |      0 |      0 |   1 |   14.0 |
          Lair |   8628 |   8413 |    215 |    269 |   5900 |   5 | 1725.6 |
   Spider Nest |    231 |    231 |      0 |    136 |     39 |   1 |  231.0 |
  Orcish Mines |   3867 |   3843 |     24 |   1333 |   1130 |   2 | 1933.5 |
      Ice Cave |   1971 |   1971 |      0 |   1166 |    461 |   1 | 1971.0 |
               +--------+--------+--------+--------+--------+-----+--------+

Top non-repeatable levels by time:
    D:12: 3445 daAuts
   Orc:1: 2373 daAuts
  Lair:3: 2185 daAuts
    D:14: 2086 daAuts
   IceCv: 1971 daAuts
  Lair:5: 1936 daAuts
  Lair:1: 1801 daAuts
    D:15: 1687 daAuts
     D:1: 1548 daAuts
     D:7: 1545 daAuts
   Orc:2: 1494 daAuts
  Lair:4: 1391 daAuts
  Lair:2: 1313 daAuts
    D:11: 1123 daAuts
     D:8: 1093 daAuts
